 Dungeon Crawl Stone Soup version 0.31.0-9-g3a7656b989 (webtiles) character file.

Game seed: 16724714109238459241

55 qw the Shooter (level 3, 0/20 HPs)
             Began as a Deep Elf Hunter on Feb 2, 2024.
             Frozen to death by an endoplasm (4 damage)
             ... on level 2 of the Dungeon.
             The game lasted 00:00:04 (1218 turns).

qw the Shooter (Deep Elf Hunter)                    Turns: 1218, Time: 00:00:04

Health: 0/20       AC:  9    Str: 14    XL:     3   Next: 67%
Magic:  5/5        EV: 11    Int: 13    God:
Gold:   99         SH:  0    Dex: 20    Spells: 2/2 levels left

rFire   . . .        a - +0 shortbow
rCold   . . .        (shield currently unavailable)
rNeg    . . .        l - +1 ring mail
rPois   .            (no helmet)
rElec   .            (no cloak)
rCorr   .            h - +2 pair of gloves
SInv    .            (no boots)
Will    .....        (no amulet)
Stlth   +            e - +6 ring of strength
HPRegen 0.23/turn    (no ring)
MPRegen 0.09/turn

%: no passive effects
@: no status effects
A: no striking features
a: no special abilities


You were on level 2 of the Dungeon.
You visited 1 branch of the dungeon, and saw 2 of its levels.

You collected 99 gold pieces.


   Skills:
 - Level 1.5 Fighting
 + Level 7.2 Ranged Weapons
 - Level 2.4 Dodging
 - Level 1.2 Stealth


You had 2 spell levels left.
You didn't know any spells.
Your spell library was empty.

Inventory:

Hand Weapons
 a - a +0 shortbow (weapon)
Armour
 h - a +2 pair of gloves (worn)
 l - a +1 ring mail (worn)
Jewellery
 b - a ring of willpower
 e - a +6 ring of strength (left hand)
Scrolls
 c - 2 scrolls of enchant weapon {unknown}
 g - 2 scrolls of teleportation {unknown}
Potions
 d - a potion of mutation
 f - a potion of haste {unknown}
 i - a potion of curing {unknown}
 k - a potion of cancellation

Dungeon Overview and Level Annotations

Branches:
Dungeon (2/15)

Altars:
Wu Jian

Shops:
D:1 [*!!


Message History

The kobold is severely wounded.
The kobold hits you but does no damage.
You shoot an arrow. The arrow hits the kobold.
You kill the kobold!
You shoot an arrow.
The arrow hits the hobgoblin but does no damage.
You shoot an arrow. The arrow closely misses the hobgoblin.
The hobgoblin hits you but does no damage.
The endoplasm freezes you.
You are frozen.
You shoot an arrow.
The arrow hits the hobgoblin but does no damage.
The hobgoblin hits you but does no damage.
The endoplasm hits you but does no damage.
You shoot an arrow. The arrow hits the hobgoblin.
The hobgoblin is severely wounded.
The hobgoblin hits you but does no damage.
The endoplasm freezes you.
You are frozen.
You shoot an arrow.
The arrow hits the hobgoblin but does no damage.
The hobgoblin is severely wounded.
The hobgoblin hits you with a staff of cold.
The endoplasm closely misses you.
You shoot an arrow. The arrow barely misses the hobgoblin.
The hobgoblin barely misses you. The endoplasm barely misses you.
The endoplasm freezes you.
You are frozen.
The hobgoblin hits you with a staff of cold.
You shoot an arrow. The arrow closely misses the hobgoblin.
The hobgoblin hits you but does no damage.
The endoplasm jiggles.
The endoplasm freezes you.
You are frozen.
You shoot an arrow.
The arrow completely misses the hobgoblin.
The hobgoblin hits you but does no damage.
The endoplasm freezes you.
You are frozen.
You die...

#.######.#..##......#
#.....#..#...%..#####
#.......##...####
#.....#####<...#### #
#.....# ##..##....###
#.....###...#####....
#.........#.########.
#.....#..............
###J@...####.######.#
#...g#### #..# #...#
......... ##.###.###
.......... #.....#
..........# #..#### #
..........# ####..# #
.........|###.....#
##
..........##..###.#
#. ##.## #.# #.


You could see an endoplasm and a hobgoblin.

Vanquished Creatures
  An adder (D:2)
  A dart slug (D:1)
  5 ball pythons
  4 endoplasms
  2 giant cockroaches
  5 goblins
  3 hobgoblins
  4 bats
  5 frilled lizards
  7 kobolds
  5 rats
42 creatures vanquished.

Notes
Turn   | Place    | Note
-------+----------+-------------------------------------------
     0 | D:1      | qw the Deep Elf Hunter began the quest for the Orb.
     0 | D:1      | Reached XP level 1. HP: 12/12 MP: 3/3
     0 | D:1      | 0 ||| qw: Version: 0.3-a-155-g5e7d8dd
     0 | D:1      | 0 ||| qw: Game counter: 567
     0 | D:1      | 0 ||| qw: Melee chars always use a shield: true
     0 | D:1      | 0 ||| qw: God list: Okawaru
     0 | D:1      | 0 ||| qw: Allow faded altars: false
     0 | D:1      | 0 ||| qw: Do Orc after clearing Dungeon:15 true
     0 | D:1      | 0 ||| qw: Do second Lair branch before Depths: true
     0 | D:1      | 0 ||| qw: Lair rune preference: random
     0 | D:1      | 0 ||| qw: Goals: Normal
     0 | D:1      | 0 ||| PLANNING D:1-11
     6 | D:1      | Found Kakhih's Distillery.
    13 | D:1      | 13 ||| SHOPLISTING potion of curing (42 gold, have 0).
    13 | D:1      | 13 ||| SHOPLISTING potion of heal wounds (70 gold, have 0).
    32 | D:1      | Found Cicloqud's Distillery.
    34 | D:1      | Found Esuxeaq's General Store.
    41 | D:1      | 41 ||| SHOPLISTING potion of curing (30 gold, have 14).
    41 | D:1      | 41 ||| SHOPLISTING potion of haste (100 gold, have 14).
    41 | D:1      | 41 ||| SHOPLISTING potion of heal wounds (50 gold, have
                  | 14).
    44 | D:1      | 44 ||| SHOPLISTING +1 ring mail of poison resistance (143
                  | gold, have 14).
    87 | D:1      | Reached XP level 2. HP: 16/16 MP: 4/4
   108 | D:1      | Found Subor's Weapon Emporium.
   204 | D:1      | Reached skill level 6 in Ranged Weapons
   506 | D:1      | Found Mistau's Antique Armour Shoppe.
   510 | D:1      | 510 ||| SHOPLISTING distressingly furry ring mail (252
                  | gold, have 66).
   510 | D:1      | 510 ||| SHOPLISTING glowing robe (103 gold, have 66).
   510 | D:1      | 510 ||| SHOPLISTING scale mail (112 gold, have 66).
   510 | D:1      | 510 ||| SHOPLISTING shiny ring mail (196 gold, have 66).
   756 | D:1      | 756 ||| UPGRADING to +2 pair of gloves.
   761 | D:1      | 761 ||| UPGRADING to +0 ring mail.
   771 | D:1      | 771 ||| DROPPING +0 leather armour.
   772 | D:1      | 772 ||| UPGRADING to +6 ring of strength.
   773 | D:1      | 773 ||| READING 2 scrolls labelled EPHAVI GUODABA.
   773 | D:1      | 773 ||| IDENTIFYING sedimented black potion
   774 | D:1      | 774 ||| READING scroll of identify.
   774 | D:1      | 774 ||| IDENTIFYING silvery potion
   775 | D:1      | 775 ||| READING scroll labelled WIAXIKHO IBEAFOO.
   776 | D:1      | 776 ||| READING scroll labelled BIFOHE FYEL.
   777 | D:1      | 777 ||| READING scroll labelled ERCHODOZATT.
   777 | D:1      | 777 ||| ENCHANTING +0 ring mail.
   778 | D:1      | 778 ||| DROPPING scroll of butterflies.
   816 | D:2      | Reached XP level 3. HP: 20/20 MP: 5/5
   874 | D:2      | Found an ornate altar of the Wu Jian Council.
   929 | D:2      | Reached skill level 7 in Ranged Weapons
  1217 | D:2      | HP: 4/20 [frozen (5)]
  1218 | D:2      | Frozen to death by an endoplasm

Levels and vault maps discovered:
D:1:      dpeg_arrival_shelter, layout_basic, serial_shops, shop, shop,
          shop_statue, nicolae_shop_bloodbath_and_beyond,
          nicolae_shop_advertising_works [nicolae_subvault_shop_adworks],
          minmay_misc_feat_alley, minmay_small_reverse_x
D:2:      layout_rooms, basic_altar, uniq_crazy_yiuf_cottage

Skill      XL: |  1  2  3 |
---------------+----------+-----
Ranged Weapons | 6 7 |  7.2
Fighting       | |  1.5
Dodging        | |  2.4
Stealth        | |  1.2

Action                     || total
---------------------------++-------
   Fire: Shortbow          ||    97
    Use: Scroll            ||     5
 Armour: Leather armour    ||     4
         Ring mail         ||    13
  Dodge: Dodged            ||    14

Table legend:
 A = Non-vault XP
 B = Vault XP
 C = Vault XP percentage of total XP
 D = Non-vault monster count
 E = Vault monster count
 F = Vault count percentage of total count
                 A         B        C        D         E       F
            +---------+---------+-------+---------+---------+-------
      Total |      71 |       8 |  10.1 |      38 |       4 |   9.5
            +---------+---------+-------+---------+---------+-------
        D:1 |      32 |       8 |  20.0 |      21 |       4 |  16.0
        D:2 |      39 |       0 |   0.0 |      17 |       0 |   0.0
            +---------+---------+-------+---------+---------+-------
